 Dungeon Crawl Stone Soup version 0.29-a0-80-g3050e97935 (webtiles) character file.

Game seed: 1240873110183146152

2376 Glokmah the Destroyer (level 9, -7/52 (54) HPs)
             Began as a Tengu Conjurer on Feb 4, 2022.
             Was a Follower of Sif Muna.
             Mangled by a wight (14 damage)
             ... on level 7 of the Dungeon.
             The game lasted 00:16:15 (8816 turns).

Glokmah the Destroyer (Tengu Conjurer)              Turns: 8816, Time: 00:16:18

HP:   -7/52 (54)    AC:  5    Str: 14    XL:     9   Next: 45%
MP:   8/17          EV: 14    Int: 23    God:    Sif Muna [*.....]
Gold: 405           SH:  0    Dex: 12    Spells: 8/18 levels left

rFire   . . .      SeeInvis .   y - staff of conjuration
rCold   . . .      Faith    .   (no shield)
rNeg    . . .      Spirit   .   i - +0 leather armour of Spring Thaw {Will+}
rPois   .          Reflect  .   (helmet restricted)
rElec   .          Harm     .   (no cloak)
rCorr   .          Rampage  .   t - +1 pair of gloves
Will    +....                   (boots unavailable)
Stlth   ++........              (no amulet)
HPRegen 0.17/turn               n - +6 ring of strength
MPRegen 0.15/turn               (no ring)

@: flying quickly and evasively, lightly drained, quick
A: beak, talons 3, nimble flight
a: Renounce Religion, Channel Magic


You were on level 7 of the Dungeon.
You worshipped Sif Muna.
Sif Muna was aware of your devotion.
You visited 1 branch of the dungeon, and saw 7 of its levels.

You collected 405 gold pieces.

Inventory:

Hand Weapons
 e - a +0 spear of protection
Missiles
 q - 5 atropa-tipped darts
 v - 8 poisoned darts
Armour
 a - a +1 robe
 i - the +0 leather armour of Spring Thaw (worn) {Will+}
   (You took it off a kobold on level 3 of the Dungeon)

   Will:      It increases your willpower.
 t - a +1 pair of gloves (worn)
Magical Staves
 y - a staff of conjuration (weapon)
Jewellery
 h - a ring of resist corrosion
 n - a +6 ring of strength (left hand)
Wands
 o - a wand of acid (9)
Scrolls
 d - a scroll of fear {unknown}
 p - 4 scrolls of identify
 r - a scroll of teleportation
Potions
 b - 4 potions of magic
 c - 4 potions of curing
 f - 2 potions of mutation {unknown}
 g - 2 potions of attraction {unknown}
 j - a potion of invisibility {unknown}
 k - 2 potions of haste {unknown}
 l - a potion of brilliance
 m - 3 potions of flight {unknown}
 s - a potion of berserk rage {unknown}
 u - a potion of resistance {unknown}
 w - a potion of might {unknown}
 x - 2 potions of degeneration {unknown}
 z - a potion of ambrosia {unknown}


   Skills:
 + Level 5.2 Fighting
 - Level 2.1 Dodging
 - Level 2.0 Stealth
 + Level 5.3 Spellcasting
 - Level 11.1 Conjurations
 * Level 2.5 Hexes
 - Level 4.0 Ice Magic
 + Level 1.2 Invocations


You had 8 spell levels left.
You knew the following spells:

 Your Spells              Type           Power      Damage    Failure   Level
a - Magic Dart            Conj           100%       1d8       1%          1
b - Searing Ray           Conj           100%       2d8       1%          2
c - Ozocubu's Armour      Ice            24%        N/A       7%          3
d - Fulminant Prism       Conj/Hex       27%        3d14      7%          4

Your spell library contained the following spells:

 Spells                   Type           Power      Damage    Failure   Level
 Dazzling Flash           Conj/Hex       100%       N/A       2%          3
 Summon Small Mammal      Summ           24%        N/A       12%         1
 Iskenderun's Mystic Bla  Conj/Tloc      47%        2d10      12%         4
 Summon Guardian Golem    Hex/Summ       11%        N/A       22%         3
 Call Canine Familiar     Summ           6%         N/A       34%         3
 Metabolic Englaciation   Hex/Ice        10%        N/A       65%         5
 Simulacrum               Ice/Necr       7%         N/A       100%        6


Dungeon Overview and Level Annotations

Branches:
Dungeon (7/15)             Temple (0/1) D:7

Altars:
Cheibriados
Elyvilon
Kikubaaqudgha
Okawaru
Sif Muna
Wu Jian
Xom
Yredelemnul
Zin

Shops:
D:2 *   D:3 [


Innate Abilities, Weirdness & Mutations

You have a beak for a mouth.
You have claws for feet.
Your magical nature lets you fly swiftly and evasively.


Message History

The wight is lightly damaged.
The wight closely misses you.
The searing ray hits the wight!
You destroy the wight!
Sif Muna accepts your kill.
The searing ray hits the wight.
The wight is moderately damaged.
You finish channelling your searing ray.
Casting: Searing Ray (safe; 1% risk of failure)
Confirm with . or Enter, or press ? or * to list all spells.
Aiming: Searing Ray (safe; 1% risk of failure)
Press: ? - help, Shift-Dir - straight line, f - wight
Aim: a wight, wielding a +4 flail and wearing a +0 robe (moderately damaged, 83% to hit)
You feel a surge of power!
The searing ray misses the wight.
The searing ray hits the wight.
The wight is moderately damaged. (Press . to maintain the ray.)
The wight hits you with a +4 flail!
The wight hits you from afar with a +0 halberd!
You feel drained.
The searing ray hits the wight but does no damage.
The wight is moderately damaged.
The searing ray hits the wight but does no damage.
The wight is moderately damaged.
The wight hits you with a +4 flail!
* * * LOW HITPOINT WARNING * * *
The wight barely misses you.
The searing ray misses the wight.
The searing ray hits the wight but does no damage.
The wight is moderately damaged.
The wight hits you with a +4 flail!
* * * LOW HITPOINT WARNING * * *
The wight misses you.
The searing ray hits the wight.
The wight is heavily damaged.
The searing ray hits the wight.
The wight is heavily damaged.
You finish channelling your searing ray.
The wight hits you with a +4 flail!
You die...

#.# #.....#######8>8# #.#
#.....# #####.## ###.####
#.....# #....).##
#......####.....# #.#......
#........####)### #.#.#..#.
#...##.#.# #)# #.#....#.
#......#)# #.# #.#.##.#.
#.<##..#.####.######......#.
#..##..#.##@#.....[..#......
......>...#z#.#.........#####
#######....z###..#####.###
##z#### ##.......# ...
####.######## #zā‰ˆ. #.#..##
#..z ##....# #.ā‰ˆ. ##...#
#... #...#


You could see 2 wights.

Vanquished Creatures
  Grinder (D:6)
  A yak (D:6)
  Duvessa (D:6)
  A water moccasin (D:5)
  2 necrophages
  3 centaurs (D:7)
  3 ogres
  3 bullfrogs
  2 scorpions (D:5)
  A wyvern zombie (D:6)
  A wyvern skeleton (D:7)
  Dowan (D:6)
  A wight (D:7)
  2 vampire bats (D:4)
  A bullfrog zombie (D:5)
  2 hounds
  2 gnoll shamans
  Natasha (thrice) (D:2)
  Terence (D:2)
  An iguana (D:4)
  2 orc wizards
  12 gnolls
  5 adders
  An ufetubus (D:5)
  2 worms (D:4)
  2 dart slugs (D:2)
  14 orcs
  A bat skeleton (D:4)
  5 bat zombies (D:4)
  6 endoplasms
  4 giant cockroaches
  4 goblins
  6 hobgoblins
  8 jackals
  6 quokkas
  5 ball pythons
  A bat (D:3)
  3 frilled lizards
  4 kobolds
  7 rats
131 creatures vanquished.

Vanquished Creatures (others)
  2 plants (D:3)
2 creatures vanquished.

Grand Total: 133 creatures vanquished

Notes
Turn   | Place    | Note
-------+----------+-------------------------------------------
     0 | D:1      | Glokmah the Tengu Conjurer began the quest for the Orb.
     0 | D:1      | Reached XP level 1. HP: 10/10 MP: 4/4
   115 | D:1      | Reached XP level 2. HP: 16/16 MP: 0/6
   180 | D:1      | Learned a level 2 spell: Searing Ray
   797 | D:1      | Reached skill level 1 in Fighting
   800 | D:1      | Reached XP level 3. HP: 20/20 MP: 0/7
  1475 | D:2      | Found Ceru's General Store.
  1556 | D:2      | Reached skill level 6 in Conjurations
  1675 | D:2      | Noticed Terence
  1770 | D:2      | Killed Terence
  1771 | D:2      | Reached skill level 1 in Ice Magic
  1771 | D:2      | Reached XP level 4. HP: 14/25 MP: 1/8
  1916 | D:2      | Learned a level 3 spell: Ozocubu's Armour
  2030 | D:2      | Noticed Natasha
  2035 | D:2      | Killed Natasha
  2369 | D:2      | Noticed Natasha
  2373 | D:2      | Killed Natasha
  2374 | D:2      | Gained mutation: Your magical nature lets you fly swiftly
                  | and evasively. [Tengu growth]
  2374 | D:2      | Reached XP level 5. HP: 30/30 MP: 3/10
  2618 | D:2      | You are sucked into a shaft and drop 2 floors!
  2625 | D:4      | Found an iron altar of Okawaru.
  2761 | D:4      | Noticed an ogre
  2793 | D:3      | Identified the +1 scale mail of Magic {rCorr}
  2867 | D:2      | Noticed Natasha
  2873 | D:2      | Killed Natasha
  3040 | D:3      | Reached skill level 7 in Conjurations
  3335 | D:3      | Identified the +0 leather armour of Spring Thaw {Will+}
  3582 | D:3      | Found a shimmering altar of Xom.
  3585 | D:3      | Found a snail-covered altar of Cheibriados.
  3588 | D:3      | Found a shimmering blue altar of Sif Muna.
  3591 | D:3      | Found a glowing silver altar of Zin.
  3597 | D:3      | Became a worshipper of Sif Muna the Loreminder
  3732 | D:3      | Found Kiji's Antique Armour Shop.
  3780 | D:3      | Found a faded altar of an unknown god.
  3905 | D:3      | Reached XP level 6. HP: 35/35 MP: 7/11
  4767 | D:4      | Found an ancient bone altar of Kikubaaqudgha.
  4805 | D:4      | Reached XP level 7. HP: 40/40 MP: 9/13
  4871 | D:4      | Reached skill level 8 in Conjurations
  5008 | D:5      | Entered Level 5 of the Dungeon
  5366 | D:5      | Reached * piety under Sif Muna
  5424 | D:5      | Learned a level 4 spell: Fulminant Prism
  5459 | D:5      | Found a basalt altar of Yredelemnul.
  5931 | D:5      | Noticed a wraith
  6492 | D:6      | Noticed Dowan
  6507 | D:6      | Killed Dowan
  6508 | D:6      | Reached skill level 9 in Conjurations
  6508 | D:6      | Reached XP level 8. HP: 46/46 MP: 7/15
  6575 | D:6      | Noticed Duvessa
  6587 | D:6      | Killed Duvessa
  6588 | D:6      | Reached skill level 1 in Hexes
  7430 | D:6      | Noticed Grinder
  7436 | D:6      | Paralysed by Grinder for 3 turns
  7604 | D:6      | Killed Grinder
  7605 | D:6      | Reached skill level 10 in Conjurations
  7694 | D:6      | Reached XP level 9. HP: 52/52 MP: 12/17
  7997 | D:6      | Reached skill level 5 in Spellcasting
  8255 | D:7      | Reached skill level 11 in Conjurations
  8390 | D:7      | Reached skill level 5 in Fighting
  8663 | D:7      | Found an ornate altar of the Wu Jian Council.
  8701 | D:7      | Found a staircase to the Ecumenical Temple.
  8709 | D:7      | Reached skill level 1 in Invocations
  8803 | D:7      | Found a white marble altar of Elyvilon.
  8816 | D:7      | Mangled by a wight

Illustrated notes

Levels and vault maps discovered:
D:1:      giann_bridges, layout_loops_ring
D:2:      layout_basic, serial_shops, nicolae_shop_behind_doors, uniq_terence,
          uniq_natasha
D:3:      cheibrodos_old_hovel, layout_basic, grunt_temple_overflow_cloverleaf,
          shapermc_ecumenical_altar_mp_urbaneastern, serial_shops, shop
D:4:      layout_rooms, okawaru_ov_weapons_minmay, kennysheep_vampire_church
D:5:      layout_loops_ring, mainiacjoe_overflow_catwalk,
          minmay_misc_feat_tower, chequers_serial_rivers_small_b,
          kennysheep_generic_room_9
D:6:      minmay_chambers_of_fours, layout_rooms, uniq_grinder, uniq_duvessa
D:7:      layout_loops_cross, kennysheep_little_box,
          mainiacjoe_overflow_six_doors_small, pdpol_wu_jian_five_deadly_venoms,
          temple_statues, serial_bayou_pond_d, dk_vineyard_1

Skill      XL: |  1  2  3  4  5  6  7  8  9 |
---------------+----------------------------+-----
Fighting       | 1 2 3 4 5 |  5.2
Conjurations   | 6 7 9 10 11 | 11.1
Ice Magic      | 1 2 3 4 |  4.0
Spellcasting   | 3 4 5 |  5.3
Hexes          | 2 |  2.5
Invocations    | 1 |  1.2
Dodging        | |  2.1
Stealth        | |  2.0

Action                   |  1- 3 |  4- 6 |  7- 9 || total
-------------------------+-------+-------+-------++-------
Melee: Spear             |    12 |     6 |     2 ||    20
       Peck              |     3 |     1 |     1 ||     5
       Kick              |     1 |     1 |     2 ||     4
       Staff             |       |       |     1 ||     1
 Cast: Magic Dart        |    50 |    58 |    82 ||   190
       Searing Ray       |     6 |    21 |    41 ||    68
  Use: Scroll            |       |       |     7 ||     7
 Stab: Sleeping          |     1 |       |       ||     1
Armor: Robe              |     5 |     1 |       ||     6
       Leather armour    |       |     9 |    14 ||    23
Dodge: Dodged            |    18 |    21 |    56 ||    95

Table legend: (Time is in decaauts)
 A = Elapsed time spent in this place.
 B = Non-inter-level travel time spent in this place.
 C = Inter-level travel time spent in this place.
 D = Time resting spent in this place.
 E = Time spent auto-exploring this place.
 F = Levels seen in this place.
 G = Mean time per level.
                   A        B        C        D        E       F      G
               +--------+--------+--------+--------+--------+-----+--------+
         Total |   8530 |   8139 |    391 |   1001 |   5838 |   7 | 1218.6 |
       Dungeon |   8530 |   8139 |    391 |   1001 |   5838 |   7 | 1218.6 |
               +--------+--------+--------+--------+--------+-----+--------+

Top non-repeatable levels by time:
     D:6: 1647 daAuts
     D:2: 1372 daAuts
     D:1: 1350 daAuts
     D:5: 1348 daAuts
     D:4: 1185 daAuts
     D:3: 1088 daAuts
     D:7: 539 daAuts
